 Dungeon Crawl Stone Soup version 0.22.0-6-g71bd7aa (webtiles) character file.

348 brik the Slasher (level 6, -6/47 HPs)
             Began as a Formicid Fighter on Aug 15, 2018.
             Was an Initiate of the Shining One.
             Killed by divine providence
             ... invoked by an orc priest
              (13 damage)
             ... on level 4 of the Dungeon.
             The game lasted 00:19:03 (3460 turns).

brik the Slasher (Formicid Fighter)                 Turns: 3460, Time: 00:19:03

Health: -6/47      AC: 11    Str: 20    XL:     6   Next: 91%
Magic:  6/6        EV:  6    Int:  8    God:    the Shining One [......]
Gold:   125        SH:  9    Dex: 12    Spells: 5/5 levels left

rFire    + . .     SeeInvis +   a - +1 long sword
rCold    x . .     Gourm    .   c - +0 shield
rNeg     . . .     Faith    .   j - +0 chain mail
rPois    .         Spirit   .   (helmet unavailable)
rElec    .         Reflect  .   p - +0 cloak
rCorr    .         Harm     .   (no gloves)
MR       .....                  r - +0 pair of boots
Stlth    ..........             (no amulet)
HPRegen  0.15/turn              o - ring of wizardry
MPRegen  0.10/turn              s - ring of fire

@: glowing
A: permanent stasis, dig shafts and tunnels, four strong arms, antennae 3
a: Dig, Shaft Self, Renounce Religion


You were on level 4 of the Dungeon.
You worshipped the Shining One.
The Shining One was noncommittal.
You were hungry.

You visited 1 branch of the dungeon, and saw 4 of its levels.
You also visited: Sewer.

You collected 125 gold pieces.

Inventory:

Hand Weapons
 a - a +1 long sword (weapon)
Missiles
 m - 36 poisoned needles
Armour
 c - a +0 shield (worn)
 j - a +0 chain mail (worn)
 p - a +0 cloak (worn)
 r - a +0 pair of boots (worn)
Jewellery
 o - a ring of wizardry (left hand)
 s - a ring of fire (right hand)
Scrolls
 g - a scroll of fear
 h - 4 scrolls of identify
 i - 2 scrolls of enchant weapon
 q - a scroll of teleportation
 t - a scroll of remove curse
 u - 2 scrolls of enchant armour {unknown}
 v - a scroll of blinking {unknown}
Potions
 b - a potion of invisibility {unknown}
 d - 3 potions of might
 e - a potion of degeneration
 k - a potion of berserk rage {unknown}
 l - 2 potions of flight {unknown}
 n - a potion of cancellation {unknown}
 w - 2 potions of curing {unknown}
 x - 4 potions of magic {unknown}
 z - 2 potions of haste {unknown}
 A - a potion of ambrosia {unknown}
Comestibles
 f - 8 rations


   Skills:
 - Level 3.2 Fighting
 + Level 6.0 Long Blades
 + Level 4.1 Armour
 + Level 4.5 Shields


You had 5 spell levels left.
You didn't know any spells.
Your spell library was empty.

Dungeon Overview and Level Annotations

Branches:
Dungeon (4/15)
 Temple: D:4-7

Altars:
Yredelemnul
Zin
The Shining One

Annotations:
D:3 3 runed doors, Oddysee's ghost, amateur GnWn


Innate Abilities, Weirdness & Mutations

You cannot be hasted, slowed, berserked, paralysed or teleported.
You can dig through walls and to a lower floor.
Your four strong arms can wield two-handed weapons with a shield.
You have a pair of large antennae on your head. (SInv)


Message History

You hit the orc priest.
The orc priest is moderately wounded.
You block the orc wizard's attack.
The orc wizard hits you with a pitted war axe {pain}.
You writhe in agony.
The orc priest hits you with a mace.
* * * LOW HITPOINT WARNING * * *
You hit the orc priest.
The orc priest is heavily wounded.
An orc priest comes into view. It is wielding a club.
The orc wizard hits you with a pitted war axe {pain}.
* * * LOW HITPOINT WARNING * * *
You hit the orc priest.
The orc priest is almost dead.
The orc wizard hits you but does no damage.
You writhe in agony.
* * * LOW HITPOINT WARNING * * *
You block the orc priest's attack.
The orc priest invokes the aid of Beogh against you.
Beogh smites you!
You die...

....#.............(..#
#.....................
############.#####.#.#
######## #.# #.#.#
#......# #.# #.#.#
#......#######'#####.#
#....................#
#.................####
#.....o@..........######
#...(.o#############....
#.....[####### #.....
#............# #.....
#............# #.....
#.....o......# #.).<.
#######.o....#.....#[#+#
#......#.....#..)=
###'####.....###.)


You could see 2 orc priests and an orc wizard.

Vanquished Creatures
  A howler monkey (D:4)
  2 orc wizards (D:4)
  2 worker ants (D:4)
  8 adders
  3 gnolls (D:3)
  2 oozes (D:1)
  An adder skeleton (D:4)
  2 worms
  3 leopard geckos
  4 orcs (D:4)
  9 bats
  5 giant cockroaches
  5 hobgoblins
  11 jackals
  2 quokkas
  5 ball pythons
  8 frilled lizards
  6 goblins
  15 kobolds
  5 rats
  4 plants (Sewer)
103 creatures vanquished.

Notes
Turn   | Place    | Note
-------+----------+-------------------------------------------
     0 | D:1      | brik the Formicid Fighter began the quest for the Orb.
     0 | D:1      | Reached XP level 1. HP: 18/18 MP: 1/1
    94 | D:1      | Reached XP level 2. HP: 24/24 MP: 2/2
   155 | D:1      | Reached skill level 3 in Long Blades
   253 | D:1      | Reached XP level 3. HP: 29/29 MP: 3/3
   877 | D:2      | Reached skill level 4 in Long Blades
   877 | D:2      | Reached XP level 4. HP: 35/35 MP: 4/4
  1656 | D:3      | Found a glowing silver altar of Zin.
  1709 | D:3      | Found a glowing drain.
  1728 | D:3      | Reached XP level 5. HP: 31/41 MP: 5/5
  1799 | Sewer    | Entered a sewer
  1856 | Sewer    | Reached skill level 5 in Long Blades
  2541 | D:3      | Found a runed gate.
  2541 | D:3      | Found a runed gate.
  2541 | D:3      | Found a runed gate.
  2544 | D:3      | Noticed Oddysee's ghost (amateur GnWn)
  2718 | D:3      | Found a basalt altar of Yredelemnul.
  2904 | D:4      | Reached XP level 6. HP: 47/47 MP: 6/6
  3116 | D:4      | Found a glowing golden altar of the Shining One.
  3119 | D:4      | Became a worshipper of the Shining One
  3453 | D:4      | Reached skill level 6 in Long Blades
  3460 | D:4      | Killed from afar by an orc priest

Skill      XL: |  1  2  3  4  5  6 |
---------------+-------------------+-----
Long Blades    | 3 4 5 6 |  6.0
Shields        | 4 |  4.5
Armour         | 4 |  4.1
Fighting       | |  3.2

Action                   |  1- 3 |  4- 6 || total
-------------------------+-------+-------++-------
Melee: Long sword        |    88 |   374 ||   462
 Abil: Dig               |       |     4 ||     4
  Use: Scroll            |       |     8 ||     8
  Eat: Chunk             |       |     9 ||     9
Armor: Scale mail        |    49 |    79 ||   128
       Chain mail        |       |    26 ||    26
Dodge: Dodged            |    24 |    72 ||    96
Block: Shield            |    42 |   113 ||   155
       Rpst.: Long sword |     9 |    24 ||    33
